 Dungeon Crawl Stone Soup version 0.28.0-53-g5a82cb258f (webtiles) character file.

Game seed: 16233742057728424513

309 RepoMan the Insei (level 6, -15/50 HPs)
             Began as a Palentonga Monk on May 24, 2022.
             Demolished by an ogre
             ... wielding a +0 giant spiked club
              (26 damage)
             ... on level 4 of the Dungeon.
             The game lasted 00:16:20 (3199 turns).

RepoMan the Insei (Palentonga Monk)                 Turns: 3199, Time: 00:16:20

Health: -15/50     AC:  5    Str: 14    XL:     6   Next: 17%
Magic:  8/8        EV:  9    Int: 10    God:
Gold:   154        SH:  0    Dex: 15    Spells: 6/8 levels left

rFire   . . .      SeeInvis +     - Unarmed
rCold   . . .      Faith    .   (no shield)
rNeg    . . .      Spirit   .   e - +0 ring mail
rPois   .          Reflect  .   (no helmet)
rElec   .          Harm     .   (no cloak)
rCorr   .          Rampage  .   (no gloves)
Will    .....                   (no barding)
Stlth   +.........              (no amulet)
HPRegen 0.16/turn               (no ring)
MPRegen 0.11/turn               (no ring)

@: no status effects
A: large, rugged brown scales 3, see invisible, deformed body, roll 1, armoured
tail
a: Rolling Charge


You were on level 4 of the Dungeon.
You visited 1 branch of the dungeon, and saw 4 of its levels.

You collected 154 gold pieces.

Inventory:

Missiles
 a - 6 boomerangs (quivered)
 m - 5 poisoned darts
Armour
 e - a +0 ring mail (worn)
Wands
 j - a wand of mindburst (3)
Scrolls
 c - a scroll of teleportation
 d - 2 scrolls of torment {unknown}
 g - a scroll of immolation {unknown}
 l - a scroll of fog {unknown}
Potions
 k - a potion of degeneration {unknown}
 n - 2 potions of cancellation


   Skills:
 + Level 3.5 Fighting
 - Level 2.4 Dodging
 - Level 1.2 Stealth
 * Level 6.0 Unarmed Combat
 + Level 1.6 Spellcasting
 + Level 1.6 Transmutations


You had 6 spell levels left.
You knew the following spells:

 Your Spells              Type           Power      Damage    Failure   Level
w - Wereblood             Tmut           4%         N/A       45%         2

Your spell library contained the following spells:

 Spells                   Type           Power      Damage    Failure   Level
 Sandblast                Erth           0%         2d4       56%         1
 Passwall                 Tmut/Erth      1%         N/A       58%         2
 Sublimation of Blood     Necr           0%         N/A       71%         2
 Ignite Poison            Fire/Tmut/Pois 1%         N/A       85%         3
 Mephitic Cloud           Conj/Pois/Air  0%         N/A       90%         3
 Stone Arrow              Conj/Erth      0%         3d7       90%         3
 Freezing Cloud           Conj/Ice/Air   0%         6-21      100%        5
 Summon Hydra             Summ           0%         N/A       100%        7


Dungeon Overview and Level Annotations

Branches:
Dungeon (4/15)
 Temple: D:4-7

Altars:
Trog

Shops:
D:2 (

Annotations:
D:3 2 transporters, Cykl0x's ghost, weakling GrEE


Innate Abilities, Weirdness & Mutations

You are completely covered in rugged brown scales. (AC +3, +7% HP)
You have supernaturally acute eyesight. (SInv)
Armour fits poorly on your strangely shaped body.
You can roll at nearby foes to attack.
You have a long armoured tail.


Message History

An ogre comes into view. It is wielding a +0 giant spiked club.
The ogre shouts!
You throw a boomerang. The boomerang hits the ogre.
The ogre is lightly wounded.
You throw a boomerang. The boomerang hits the ogre.
The ogre is lightly wounded.
An adder comes into view.
Things that are here:
a +0 dagger; a goblin corpse The adder hisses angrily.
There is a stone staircase leading down here.
Roll where?
Press: ? - help, Dir - move target, f/p - ogre
Aim: an ogre, wielding a +0 giant spiked club (lightly wounded)
You roll forward with a clatter of scales!
You hit the ogre but do no damage.
The ogre is lightly wounded.
The ogre hits you but does no damage.
You barely miss the ogre.
The ogre is lightly wounded.
You hit the ogre.
Your tail-slap misses the ogre.
The ogre is moderately wounded.
The ogre barely misses you.
You hit the ogre but do no damage.
The ogre is moderately wounded.
The ogre hits you with a +0 giant spiked club!
You hit the ogre but do no damage.
The ogre is moderately wounded.
You barely miss the ogre.
The ogre is moderately wounded.
The ogre hits you with a +0 giant spiked club!!
Ouch! That really hurt!
* * * LOW HITPOINT WARNING * * *
Unknown command.
There is a stone staircase leading down here.
As you read the scroll of summoning, it crumbles to dust.
Wisps of shadow whirl around you...
The ogre hits you with a +0 giant spiked club!!
Ouch! That really hurt!
You die...

▒.▒▒...▒
▒▒▒▒..▒...▒
▒.....▒...▒▒▒▒▒▒
▒.........▒....▒
▒.........▒....▒
▒.........▒^...▒
▒.....JB.▒▒....▒
▒.......g▒▒....▒
▒▒▒▒▒.s.@OS....▒
▒▒▒▒▒▒▒▒▒▒.▒ ..
▒S▒ ▒


You could see an ogre (ally target), an adder, a friendly scorpion (summoned), a
friendly endoplasm (summoned), a friendly giant cockroach (summoned) and a
friendly hobgoblin (summoned).

Vanquished Creatures
  A water moccasin skeleton (D:4)
  A centaur skeleton (D:4)
  An iguana (D:4)
  An orc wizard (D:2)
  9 adders
  2 worms (D:2)
  4 dart slugs
  7 orcs
  8 bats
  9 endoplasms
  A giant cockroach (D:3)
  5 goblins
  8 hobgoblins
  3 jackals (D:3)
  8 kobolds
  4 quokkas
  3 ball pythons
  7 frilled lizards
  4 rats
86 creatures vanquished.

Vanquished Creatures (others)
  A plant (D:3)
1 creature vanquished.

Grand Total: 87 creatures vanquished

Notes
Turn   | Place    | Note
-------+----------+-------------------------------------------
     0 | D:1      | RepoMan the Palentonga Monk began the quest for the Orb.
     0 | D:1      | Reached XP level 1. HP: 19/19 MP: 1/1
   232 | D:1      | Reached XP level 2. HP: 25/25 MP: 2/2
   492 | D:2      | Reached skill level 4 in Unarmed Combat
   611 | D:2      | Reached XP level 3. HP: 19/31 MP: 3/3
   835 | D:2      | Found a bloodstained altar of Trog.
   890 | D:2      | Reached skill level 5 in Unarmed Combat
   890 | D:2      | Reached XP level 4. HP: 8/37 MP: 4/4
  1157 | D:2      | Learned a level 2 spell: Wereblood
  1168 | D:2      | Found Zaar's Weapon Emporium.
  1801 | D:3      | Reached XP level 5. HP: 43/43 MP: 4/6
  2057 | D:3      | Reached skill level 1 in Spellcasting
  2116 | D:3      | Reached skill level 1 in Transmutations
  2330 | D:3      | Found a transporter.
  2336 | D:3      | Found a transporter.
  2339 | D:3      | Noticed Cykl0x's ghost (weakling GrEE)
  2440 | D:3      | Identified the +4 halberd of Burning Honour {venom, Str+5
                  | Dex-4}
  2793 | D:4      | Reached XP level 6. HP: 42/50 MP: 8/8
  2800 | D:4      | Reached skill level 6 in Unarmed Combat
  2906 | D:4      | Noticed a water moccasin
  3199 | D:4      | Demolished by an ogre

Illustrated notes

Levels and vault maps discovered:
D:1:      wander_arrival_lonely_grave, layout_rooms
D:2:      layout_rooms, serial_shops, nicolae_shop_stone, basic_altar,
          minmay_stone_trees_medium
D:3:      layout_basic, gammafunk_ghost_gnarly_gnolls,
          minmay_fractal_squares_diagonal_5
D:4:      layout_basic, uniq_robin, uniq_crazy_yiuf_cottage

Skill      XL: |  1  2  3  4  5  6 |
---------------+-------------------+-----
Unarmed Combat | 4 5 6 |  6.0
Spellcasting   | 1 |  1.6
Transmutations | 1 |  1.6
Fighting       | |  3.5
Dodging        | |  2.4
Stealth        | |  1.2

Action                   |  1- 3 |  4- 6 || total
-------------------------+-------+-------++-------
Melee: Unarmed           |    74 |   142 ||   216
       Tailslap          |    11 |    15 ||    26
       Punch             |     2 |     3 ||     5
Throw: Boomerang         |    21 |    56 ||    77
 Abil: Rolling Charge    |    15 |     9 ||    24
Evoke: Wand              |       |     6 ||     6
  Use: Potion            |     1 |     2 ||     3
       Scroll            |       |     5 ||     5
Armor: Ring mail         |    14 |    54 ||    68
Dodge: Dodged            |    18 |    71 ||    89
